cohdb
Replays
Latest Replays
All Replays
Popular Replays
Top Player Replays
Match Explorer
How It Works
Community
CoH3 Stats
Reddit
Sign in to upload your games and track your stats! →
Sign in with Steam
Smoke for blocking sniper's sight
Match 32096362
Overview
Messages
Build Orders
End
Construct Barracks
Selects Armored Battlegroup
Selects Assault Engineers
Assault Engineer Squad
Riflemen Squad
Riflemen Squad
M1 Mortar Team
Riflemen Squad
Construct Medical Station
Infantry Support Center
Selects Fast Deploy
Construct Weapon Support Center
M3 Armored Personnel Carrier
M1919 Machine Gun Team
M1918 Browning Automatic Rifles
Bazooka Squad
Sniper
Grenade Package
Bazooka Squad
Advanced Logistics
Selects M8 Scott SPG
Improved M9 Bazooka Rockets
Bazooka Squad
M8 Scott SPG
Selects M4A3E8 Sherman Combat Group
Construct Tank Depot
M3 Armored Personnel Carrier
Demolitions Package
Construct Tank Depot
M4A3E8 Sherman Combat Group
Theodosios
Boxes
0
0
Comments
sign in to comment!
No comments posted yet!